 Dungeon Sprint DCSS version 0.26.1-12-g5ba1501909 (webtiles) character file.

Game seed: 11994324050254292728

2200000 coldcut the Conqueror (level 19, -28/189 HPs)
             Began as a Demonspawn Abyssal Knight on Nov 3, 2021.
             Was a High Priest of Lugonu.
             Annihilated by a large bag of meat
             ... wielding a +9 giant spiked club
              (44 damage)
             ... in the Dungeon (Sprint VIII: "Arena of Blood").
             The game lasted 00:03:03 (22 turns).

coldcut the Conqueror (Demonspawn Abyssal Knight)     Turns: 22, Time: 00:03:03

Health: -28/189    AC:  6    Str: 15    XL:     19   Next: 80%
Magic:  5/36       EV: 32    Int: 16    God:    Lugonu [*****.]
Gold:   0          SH:  0    Dex: 18    Spells: 18/18 levels left

rFire    . . .     SeeInvis .   h - +∞ Axe of Woe
rCold    . . .     Faith    .   (shield currently unavailable)
rNeg     . . .     Spirit   .   a - +0 leather armour
rPois    .         Reflect  .   (helmet unavailable)
rElec    .         Harm     .   (no cloak)
rCorr    .         Rampage  .   (no gloves)
Will     +....     NoTele   +   (no boots)
Stlth    +.........             (no amulet)
HPRegen  0.41/turn              (no ring)
MPRegen  0.25/turn              (no ring)

@: berserk cooldown, slowed, very slow
A: horns 3, foul stench 1, spiny 2, miasma immunity, big brain 1
a: Renounce Religion, Bend Space, Banish, Corrupt


You were in the Dungeon.
You worshipped Lugonu.
Lugonu was extremely pleased with you.
You visited 1 branch

Inventory:

Hand Weapons
 h - the +∞ Axe of Woe (weapon)
   (You found it in the Dungeon)
Armour
 a - a +0 leather armour (worn)
Scrolls
 g - a scroll of blinking
Potions
 b - a potion of curing
 c - a potion of heal wounds
 d - a potion of haste
 e - 2 potions of magic


   Skills:
 O Level 27 Fighting
 O Level 27 Axes
 O Level 27 Armour
 + Level 24.4 Dodging
 O Level 27 Unarmed Combat
 O Level 27 Invocations


You had 18 spell levels left.
You didn't know any spells.
Your spell library was empty.

Dungeon Overview and Level Annotations

Branches:
Dungeon (1/1)

Altars:
Makhleb


Innate Abilities, Weirdness & Mutations

You have a pair of large horns on your head.
You may emit foul miasma when damaged in melee.
You are mostly covered in sharp spines.
You are immune to miasma.
You have an unusually large brain. (Int +2)


Message History

The bag of meat shouts!
The meat berserker shouts!
The large bag of meat shouts in stereo!
You hear two shouts!
You hear a shout! x11
The large bag of meat closely misses you.
The large bag of meat hits you with a +9 giant spiked club!!!!
Ouch! That really hurt!
* * * LOW HITPOINT WARNING * * *
The large bag of meat looks sick.
You hear a shout! x3
A meat berserker comes into view. It is wielding a +9 battleaxe.
You hear a shout! x3
A bag of meat comes into view. It is wielding a +9 war axe.
You hear a shout!
A bag of meat comes into view. It is wielding a +9 war axe.
A large bag of meat comes into view. It is wielding a +9 giant spiked club.
You hear a shout!
The meat berserker rages.
A bag of meat comes into view. It is wielding a +9 war axe. x2
The large bag of meat hits you but does no damage.
The large bag of meat hits you with a +9 giant spiked club!!!
You die...

oO........oo
.o.........
.......o..O
.....o....
#......O# .
#.oOoo..# ..
...###OOo....###...
...O...@###).......
#.....O.)_)........
......#)))))#......
......#_.<._# .....
..... #.....# ....
#........_..... ...
........###........
...###... ...###...
#... ...# .


You could see 4 large bags of meat, 4 meat berserkers and 10 bags of meat.

Vanquished Creatures
  7 ogres (D)
  10 orcs (D)
17 creatures vanquished.

Notes
Turn   | Place    | Note
-------+----------+-------------------------------------------
     0 | D        | Found the +∞ Axe of Woe
     0 | D        | coldcut the Demonspawn Abyssal Knight began the quest for
                  | the Orb.
     0 | D        | Reached XP level 1. HP: 18/18 MP: 2/2
     2 | D        | Noticed a meat berserker
     2 | D        | Noticed a bag of meat
     2 | D        | Noticed a bag of meat
     3 | D        | Noticed a meat berserker
     3 | D        | Noticed a bag of meat
     4 | D        | Noticed a bag of meat
     7 | D        | Killed a meat berserker
     7 | D        | Killed a meat berserker
     7 | D        | Reached ** piety under Lugonu
     7 | D        | Killed a bag of meat
     8 | D        | Reached skill level 27 in Fighting
     8 | D        | Reached skill level 15 in Unarmed Combat
     8 | D        | Gained mutation: You are immune to miasma. [demonic
                  | ancestry]
     8 | D        | Reached XP level 2. HP: 63/63 MP: 2/12
     8 | D        | Reached XP level 3. HP: 70/70 MP: 2/13
     8 | D        | Reached XP level 4. HP: 78/78 MP: 2/15
     8 | D        | Reached XP level 5. HP: 85/85 MP: 2/16
     8 | D        | Reached XP level 6. HP: 93/93 MP: 2/18
     8 | D        | Reached XP level 7. HP: 100/100 MP: 2/19
     8 | D        | Reached XP level 8. HP: 108/108 MP: 2/21
     8 | D        | Gained mutation: You have a pair of small horns on your
                  | head. [demonic ancestry]
     8 | D        | Reached XP level 9. HP: 115/115 MP: 2/22
     8 | D        | Gained mutation: You have a pair of horns on your head.
                  | [demonic ancestry]
     8 | D        | Reached XP level 10. HP: 123/123 MP: 2/23
     8 | D        | Gained mutation: You are partially covered in sharp spines.
                  | [demonic ancestry]
     8 | D        | Reached XP level 11. HP: 130/130 MP: 2/24
     8 | D        | Gained mutation: You have an unusually large brain. (Int
                  | +2) [demonic ancestry]
     8 | D        | Reached XP level 12. HP: 138/138 MP: 2/25
     8 | D        | Gained mutation: You are mostly covered in sharp spines.
                  | [demonic ancestry]
     8 | D        | Reached XP level 13. HP: 145/145 MP: 2/26
     8 | D        | Reached XP level 14. HP: 153/153 MP: 2/27
     8 | D        | Noticed a bag of meat
     9 | D        | Noticed a bag of meat
     9 | D        | Noticed a meat berserker
    10 | D        | Killed a bag of meat
    10 | D        | Noticed a bag of meat
    10 | D        | Noticed a bag of meat
    11 | D        | Reached skill level 15 in Armour
    11 | D        | Reached skill level 5 in Dodging
    11 | D        | Gained mutation: You have a pair of large horns on your
                  | head. [demonic ancestry]
    11 | D        | Reached XP level 15. HP: 159/159 MP: 2/28
    11 | D        | Reached *** piety under Lugonu
    13 | D        | Noticed a meat berserker
    13 | D        | Noticed a meat berserker
    14 | D        | Killed a meat berserker
    14 | D        | Killed a meat berserker
    14 | D        | Noticed a meat berserker
    15 | D        | Reached XP level 16. HP: 167/167 MP: 3/32
    15 | D        | Reached **** piety under Lugonu
    16 | D        | Reached XP level 17. HP: 174/174 MP: 3/34
    17 | D        | Reached skill level 27 in Invocations
    17 | D        | Noticed a meat berserker
    17 | D        | Noticed a large bag of meat
    18 | D        | Killed a meat berserker
    18 | D        | Reached ***** piety under Lugonu
    18 | D        | Noticed a meat berserker
    18 | D        | Noticed a meat berserker
    19 | D        | Reached skill level 10 in Dodging
    19 | D        | Reached XP level 18. HP: 122/182 MP: 4/35
    19 | D        | Killed a meat berserker
    20 | D        | Reached skill level 27 in Axes
    20 | D        | Noticed a meat berserker
    21 | D        | Reached skill level 27 in Armour
    21 | D        | Reached skill level 27 in Unarmed Combat
    21 | D        | Gained mutation: You may emit foul miasma when damaged in
                  | melee. [demonic ancestry]
    21 | D        | Reached XP level 19. HP: 128/189 MP: 4/36
    21 | D        | Killed a meat berserker
    22 | D        | Noticed a meat berserker
    22 | D        | Noticed a large bag of meat
    22 | D        | Noticed a meat berserker
    22 | D        | Noticed a large bag of meat
    22 | D        | Annihilated by a large bag of meat

Illustrated notes

Levels and vault maps discovered:
D:        meatsprint

Skill      XL: |  1  2  3  4  5  6  7  8  9 10 11 12 13 14 15 16 17 18 19 |
---------------+----------------------------------------------------------+-----
Fighting       | 27 | 27.0
Axes           | 12 13 20 25 27 | 27.0
Armour         | 14 15 20 23 27 | 27.0
Dodging        | 4 5 7 8 10 18 24 | 24.4
Unarmed Combat | 15 16 20 21 24 27 | 27.0
Invocations    | 18 19 25 26 27 | 27.0

Action                   |  1- 3 |  4- 6 |  7- 9 | 10-12 | 13-15 | 16-18 | 19-21 || total
-------------------------+-------+-------+-------+-------+-------+-------+-------++-------
Melee: Executioner's axe |     1 |       |       |       |     3 |     6 |     1 ||    11
  Use: Potion            |     1 |       |       |       |       |       |       ||     1
Armor: Leather armour    |       |       |       |       |       |       |     1 ||     1
Dodge: Dodged            |       |       |       |       |       |       |     1 ||     1
